 Dungeon Crawl Stone Soup version 0.30.1-11-g7821555f0a (webtiles) character file.

Game seed: 753306889825854934

538 Martska the Trooper (level 7, -11/63 HPs)
             Began as a Minotaur Fighter on Dec 3, 2023.
             Was an Initiate of Zin.
             Killed by divine providence
             ... invoked by an orc priest
              (14 damage)
             ... on level 4 of the Dungeon.
             The game lasted 00:06:19 (2947 turns).

Martska the Trooper (Minotaur Fighter)              Turns: 2947, Time: 00:06:20

Health: -11/63     AC:  9    Str: 22    XL:     7   Next: 5%
Magic:  6/6        EV:  8    Int:  5    God:    Zin [......]
Gold:   84         SH: 12    Dex: 10    Spells: 6/6 levels left

rFire   . . .        a - +0 war axe
rCold   . . .        l - +0 tower shield
rNeg    . . .        b - +0 scale mail
rPois   +            (helmet restricted)
rElec   .            r - +0 cloak
rCorr   .            q - +0 pair of gloves
SInv    .            (no boots)
Will    .....        (no amulet)
Stlth   x              - ring of poison resistance
HPRegen 0.30/turn    (no ring)
MPRegen 0.10/turn

%: no passive effects
@: no status effects
A: horns 2, retaliatory headbutt
a: Renounce Religion, Donate Gold


You were on level 4 of the Dungeon.
You worshipped Zin.
Zin was noncommittal.
You visited 2 branches of the dungeon, and saw 5 of its levels.

You collected 233 gold pieces.
You spent 140 gold pieces at shops.
You donated 9 gold pieces to Zin.

Inventory:

Hand Weapons
 a - a +0 war axe (weapon)
Armour
 b - a +0 scale mail (worn)
 c - a +0 buckler
 l - a +0 tower shield (worn)
 q - a +0 pair of gloves (worn)
 r - a +0 cloak (worn)
Jewellery
 x - a ring of poison resistance (left hand)
Wands
 y - a wand of charming (5)
Scrolls
 f - 2 scrolls of teleportation
 h - a scroll of vulnerability {unknown}
 i - 2 scrolls of fog
 j - a scroll of enchant weapon
 m - a scroll of poison
 n - a scroll of fear {unknown}
 o - 2 scrolls of immolation
 v - 2 scrolls of identify
Potions
 e - a potion of degeneration {unknown}
 g - a potion of haste {unknown}
 k - a potion of flight {unknown}
 p - a potion of berserk rage {unknown}
 s - a potion of resistance {unknown}
 t - a potion of curing {unknown}
 u - a potion of invisibility {unknown}
 w - a potion of lignification {unknown}
 z - a potion of might


   Skills:
 * Level 6.0 Fighting
 * Level 5.2 Axes
 + Level 5.0 Armour
 * Level 4.1 Dodging
 - Level 3.6 Shields


You had 6 spell levels left.
You didn't know any spells.
Your spell library contained the following spells:

 Spells                   Type           Power      Damage    Failure   Level
 Cigotuvi's Dreadful Rot  Necr/Pois/Air  0%         N/A       100%        2
 Dispel Undead            Necr           0%         3d6       100%        4
 Death Channel            Necr           0%         N/A       100%        6


Dungeon Overview and Level Annotations

Branches:
Dungeon (4/15)             Temple (1/1) D:4

Altars:
Cheibriados
Elyvilon
Fedhas
Gozag
Hepliaklqana
Nemelex Xobeh
Okawaru
Sif Muna
Uskayaw
Wu Jian
Xom
Yredelemnul
Zin

Shops:
D:3 =*?


Innate Abilities, Weirdness & Mutations

You have a pair of horns on your head.
You reflexively headbutt those who attack you in melee.


Message History

No target in view!
No target in view!
No target in view!
No target in view!
Found an escape hatch in the floor.
The orc priest shouts!
The orc priest shouts! x2
The orc priest mumbles some strange prayers to Beogh against you.
Beogh smites you!
There are monsters nearby!
The orc priest mumbles some strange prayers to Beogh against you.
Pain shoots through your body!
The orc shouts!
The orc priest invokes the aid of Beogh against you.
Beogh smites you!
You closely miss the orc priest. You closely miss the orc priest.
You headbutt the orc priest!
The orc priest is severely wounded.
The orc priest invokes the aid of Beogh against you.
Beogh smites you!
The orc priest casts a cantrip, but nothing happens.
You block the orc priest's attack.
The orc priest mumbles some strange prayers to Beogh against you.
Pain shoots through your body!
* * * LOW HITPOINT WARNING * * *
You hit the orc priest.
The orc priest is almost dead.
You hit the orc priest.
The orc priest hits you with a +0 short sword.
* * * LOW HITPOINT WARNING * * *
The orc priest mumbles some strange prayers to Beogh against you.
Beogh smites you!
* * * LOW HITPOINT WARNING * * *
The orc priest hits you but does no damage.
You closely miss the orc priest. You headbutt the orc priest.
You kill the orc priest!
You hit the orc priest but do no damage.
The orc priest invokes the aid of Beogh against you.
Beogh smites you!
You die...

... ##.##.#.##.......#.#..###....
..######.#.##...................#
#..##.#...###...######.##........
#........##...#.# #.###.......
....)........##.### #.....#.....
............###....#####.........
≈≈≈≈≈.......# ####.># #..###.....
≈≈≈≈≈≈≈.....#######.###.#######..
≈≈≈≈≈≈≈≈≈....oo.@................
≈≈≈≈≈≈≈≈≈≈..###.o......###.......
≈...≈≈≈≈≈≈............## #.####..
..>.≈≈≈≈≈≈..###.......# #.# #..
≈...≈≈≈≈≈≈....#......... ..# #..
≈≈≈≈≈≈≈≈≈..##.########.....####..
≈≈≈≈≈≈≈....# /.# ....##.....
≈≈≈≈≈......# .# #### #.####
..oo.......# .# #. #


You could see 2 orc priests and an orc.

Vanquished Creatures
  Sigmund (D:2)
  A phantom (D:4)
  4 orc priests
  An iguana (D:3)
  2 orc wizards
  A gnoll (D:4)
  4 adders
  A worm (D:2)
  3 dart slugs
  12 orcs
  5 bats
  6 endoplasms
  3 giant cockroaches
  6 goblins
  4 hobgoblins
  2 jackals (D:1)
  2 quokkas (D:2)
  10 ball pythons
  A frilled lizard (D:2)
  7 kobolds
  3 rats
79 creatures vanquished.

Notes
Turn   | Place    | Note
-------+----------+-------------------------------------------
     0 | D:1      | Martska the Minotaur Fighter began the quest for the Orb.
     0 | D:1      | Reached XP level 1. HP: 19/19 MP: 0/0
   208 | D:1      | Reached XP level 2. HP: 27/27 MP: 1/1
   214 | D:1      | Reached skill level 1 in Dodging
   395 | D:1      | Reached skill level 4 in Fighting
   590 | D:1      | You fall into a shaft and drop 1 floor!
   607 | D:2      | Reached XP level 3. HP: 30/33 MP: 2/2
   863 | D:2      | Found a faded altar of an unknown god.
   987 | D:2      | Noticed Sigmund
   998 | D:2      | Killed Sigmund
   999 | D:2      | Reached skill level 5 in Fighting
   999 | D:2      | Reached XP level 4. HP: 28/42 MP: 3/3
   999 | D:2      | Reached XP level 5. HP: 32/48 MP: 4/4
  1454 | D:3      | Reached XP level 6. HP: 56/56 MP: 5/5
  1530 | D:3      | Found Wexomydu's Magic Scroll Shop.
  1773 | D:3      | Bought a scroll of identify for 26 gold pieces
  1773 | D:3      | Bought a scroll of identify for 26 gold pieces
  1784 | D:3      | Found Kiffybb's Jewellery Emporium.
  1829 | D:3      | Found a shimmering altar of Xom.
  2240 | D:3      | Found Xilih's Assorted Antiques.
  2248 | D:3      | Bought a scroll of identify for 36 gold pieces
  2248 | D:3      | Bought a scroll of identify for 36 gold pieces
  2248 | D:3      | Bought a ruby potion for 16 gold pieces
  2325 | D:4      | Found a staircase to the Ecumenical Temple.
  2334 | D:4      | Reached skill level 5 in Axes
  2491 | Temple   | Entered the Ecumenical Temple
  2604 | Temple   | Became a worshipper of Zin the Law-Giver
  2685 | D:3      | Reached skill level 6 in Fighting
  2685 | D:3      | Reached skill level 5 in Armour
  2685 | D:3      | Reached XP level 7. HP: 7/63 MP: 6/6
  2946 | D:4      | HP: 3/63 [orc priest/divine providence (10)]
  2947 | D:4      | Killed from afar by an orc priest

Illustrated notes

Levels and vault maps discovered:
D:1:      dpeg_arrival_arbitrary_c, layout_loops_ring, grunt_decor_mini_mirrors
D:2:      minmay_diamond_boxcup, layout_rooms,
          shapermc_ecumenical_altar_mp_urbaneastern, minmay_hexomino_f4,
          uniq_sigmund
D:3:      layout_rooms, mainiacjoe_overflow_small_starburst, serial_shops, shop,
          nicolae_shop_hallway_plus, nicolae_shop_pleasant_corner_grove,
          kennysheep_generic_room_3
D:4:      minmay_inner_zag, layout_rooms, lemuel_tele_altar,
          mainiacjoe_overflow_surrounded_room, temple_pool_b,
          grunt_ministairs_12, minmay_misc_feat_more_columns
Temple:   nicolae_temple_hex_pool

Skill      XL: |  1  2  3  4  5  6 |
---------------+-------------------+-----
Dodging        | 1 3 4 |  4.1
Fighting       | 4 5 6 |  6.0
Axes           | 3 4 5 |  5.2
Armour         | 4 5 |  5.0
Shields        | |  3.6

Action                     |  1- 3 |  4- 6 |  7- 9 || total
---------------------------+-------+-------+-------++-------
  Melee: War axe           |    73 |    79 |     6 ||   158
         Headbutt          |    10 |     9 |     2 ||    21
    Use: Potion            |     1 |     1 |       ||     2
         Scroll            |       |     6 |       ||     6
 Armour: Scale mail        |    33 |    35 |     2 ||    70
  Dodge: Dodged            |    31 |    29 |       ||    60
  Block: Buckler           |    12 |       |       ||    12
         Tower shield      |    21 |    67 |     2 ||    90
